 Dungeon Crawl Stone Soup version 0.24-a0-769-g368c1644f8 (webtiles) character file.

Game seed: 78374376059091472, levelgen mode: deterministic

538 Erk the Skirmisher (level 7, -5/60 HPs)
             Began as a Human Fighter on Oct 5, 2019.
             Was a Follower of Qazlal.
             Slain by a centaur (8 damage)
             ... on level 5 of the Dungeon.
             The game lasted 00:31:25 (3427 turns).

Erk the Skirmisher (Human Fighter)                  Turns: 3427, Time: 00:31:25

Health: -5/60      AC:  6    Str: 18 (19) XL:     7   Next: 51%
Magic:  7/7        EV:  9    Int: 11 (13) God:    Qazlal [*.....]
Gold:   303        SH:  1    Dex: 11 (12) Spells: 6/6 levels left

rFire    . . .     SeeInvis .   d - +4 scythe (freeze)
rCold    . . .     Gourm    .   (shield currently unavailable)
rNeg     . . .     Faith    .   b - +0 scale mail
rPois    .         Spirit   .   (no helmet)
rElec    .         Reflect  .   (no cloak)
rCorr    .         Harm     .   (no gloves)
MR       .....                  (no boots)
Stlth    ..........             (no amulet)
HPRegen  0.20/turn              (no ring)
MPRegen  0.10/turn              (no ring)

@: brilliant, flying
A: no striking features
a: Renounce Religion


You were on level 5 of the Dungeon.
You worshipped Qazlal.
Qazlal was aware of your devotion.
You were hungry.

You visited 1 branch of the dungeon, and saw 5 of its levels.

You collected 303 gold pieces.

Inventory:

Hand Weapons
 a - a +0 long sword
 d - a +4 scythe of freezing (weapon)
 j - a +0 hunting sling
 k - a +2 short sword of venom
 v - a +1 flail of crushing
Missiles
 m - 39 arrows
 q - a boomerang of dispersal (quivered)
 t - 9 poisoned darts
Armour
 b - a +0 scale mail (worn)
 c - a +0 shield
 D - the +3 ring mail "Patejy" {*Slow rC+ Regen+ Dex+2, unknown}
   (You found it on level 5 of the Dungeon)

   It affects your dexterity (+2).
   It protects you from cold.
   It increases your rate of regeneration.
   It may slow you when you take damage.
Magical Staves
 u - an uncursed staff of conjuration {unknown}
Jewellery
 s - a +6 amulet of reflection {unknown}
 y - an uncursed ring of protection from cold {unknown}
 A - a cursed ring of teleportation {unknown}
Wands
 C - a wand of iceblast (10)
Scrolls
 e - a scroll of magic mapping {unknown}
 g - 2 scrolls of immolation {unknown}
 h - 2 scrolls of remove curse {unknown}
 i - a scroll of teleportation {unknown}
 l - 2 scrolls of identify {unknown}
 r - a scroll of enchant weapon {unknown}
 B - 2 scrolls of fog {unknown}
Potions
 n - a potion of curing
 o - a potion of brilliance
 p - a potion of degeneration
 w - a potion of flight
 x - 2 potions of lignification {unknown}
Comestibles
 f - 5 rations


   Skills:
 + Level 7.1 Fighting
 - Level 2.0 Long Blades
 + Level 2.6 Polearms
 - Level 3.0 Armour
 - Level 3.9 Shields


You had 6 spell levels left.
You didn't know any spells.
Your spell library contained the following spells:

 Spells                   Type           Power        Failure   Level  Hunger
 Animate Skeleton         Necr           N/A          12%         1    ##.....
 Pain                     Necr           #...         12%         1    ##.....
 Regeneration             Chrm/Necr      #.........   30%         3    ####...
 Vampiric Draining        Necr           #.........   30%         3    ####...
 Animate Dead             Necr           N/A          65%         4    #####..


Dungeon Overview and Level Annotations

Branches:
Dungeon (5/15)
 Temple: D:4-7

Altars:
Ashenzari
Fedhas
Nemelex Xobeh
Qazlal
Sif Muna
Vehumet
Xom


Message History

The centaur is heavily wounded.
The centaur unwields a +0 shortbow.
The centaur hits you.
* * * LOW HITPOINT WARNING * * *
The centaur hits you.
* * * LOW HITPOINT WARNING * * *
It was a potion of brilliance.
You feel clever all of a sudden. The centaur hits you.
* * * LOW HITPOINT WARNING * * *
The centaur hits you but does no damage.
It was a potion of degeneration.
There was something very wrong with that liquid.
You feel weakened.
You feel dopey.
You feel clumsy. The centaur closely misses you.
It was a potion of flight.
You feel very buoyant.
You fly up into the air.
You are feeling hungry.
The centaur hits you!
You die...

... ##.#### #.....
...# ......# #.....
...# .#.##.# ##.....
...# .#.##.### #......
...######.#......#
#......
.........##....#.##...
#......
.............#........
#......
.........PP.c..#.##...
#......
...####.PPPP((##@#
#.....( ..>#
#PP_PP(###c# #......
.#.# #P.P.P.c§(5#
####.## ...#
P.PPP..#### ..<#
....5..# ...#
####..... ...# #.#####
#.########.#
...÷......(


You could see a centaur and a crimson imp.

Vanquished Creatures
  Sigmund (D:2)
  A scorpion (D:4)
  A bullfrog zombie (D:5)
  2 orc priests (D:5)
  An iguana (D:5)
  Natasha (D:2)
  A worker ant (D:4)
  Robin (D:2)
  4 adders
  3 worms (D:2)
  A dart slug (D:1)
  3 leopard geckos
  4 orcs
  A ball python (D:2)
  3 giant cockroaches
  14 goblins
  11 hobgoblins
  6 jackals
  2 quokkas (D:3)
  9 bats
  3 frilled lizards
  9 kobolds
  12 rats
94 creatures vanquished.

Notes
Turn   | Place    | Note
-------+----------+-------------------------------------------
     0 | D:1      | Erk the Human Fighter began the quest for the Orb.
     0 | D:1      | Reached XP level 1. HP: 18/18 MP: 1/1
    21 | D:1      | Reached XP level 2. HP: 23/24 MP: 2/2
   244 | D:1      | Reached skill level 4 in Fighting
   244 | D:1      | Reached XP level 3. HP: 30/30 MP: 3/3
   511 | D:2      | Reached XP level 4. HP: 34/38 MP: 4/4
   780 | D:2      | Noticed Robin
   791 | D:2      | Reached skill level 5 in Fighting
   814 | D:2      | Killed Robin
  1019 | D:2      | Reached XP level 5. HP: 44/44 MP: 5/5
  1321 | D:2      | Noticed Natasha
  1330 | D:2      | Killed Natasha
  1393 | D:2      | Noticed Sigmund
  1459 | D:2      | Killed Sigmund
  1459 | D:2      | Reached skill level 6 in Fighting
  1459 | D:2      | Reached XP level 6. HP: 43/53 MP: 6/6
  2043 | D:3      | Found a shattered altar of Ashenzari.
  2044 | D:3      | Found a stormy altar of Qazlal.
  2045 | D:3      | Found a sparkling altar of Nemelex Xobeh.
  2071 | D:3      | Became a worshipper of Qazlal Stormbringer
  2206 | D:3      | Found a radiant altar of Vehumet.
  2361 | D:3      | You fall into a shaft and drop 1 floor!
  2461 | D:5      | Entered Level 5 of the Dungeon
  2614 | D:4      | Reached skill level 1 in Polearms
  2614 | D:4      | Reached XP level 7. HP: 51/59 MP: 7/7
  2828 | D:4      | Found a shimmering blue altar of Sif Muna.
  2828 | D:4      | Found a shimmering altar of Xom.
  2940 | D:5      | Got a faintly glowing ring mail
  3025 | D:5      | Reached * piety under Qazlal
  3173 | D:5      | Reached skill level 7 in Fighting
  3395 | D:5      | Found a blossoming altar of Fedhas.
  3425 | D:5      | HP: 2/60 [centaur (4)]
  3427 | D:5      | Slain by a centaur

Levels and vault maps discovered:
D:1:      dpeg_arrival_windows_large_door, layout_basic
D:2:      layout_basic, uniq_natasha, uniq_robin, uniq_sigmund
D:3:      layout_basic, vehumet_crystals,
          chequers_temple_overflow_statue_of_worship, first_ration,
          minmay_misc_feat_secret_circle, st_stairs_14
D:4:      layout_basic, amethyst_overflow_temple_binary, serial_curves,
          eino_curves_01, eino_curves_02
D:5:      layout_loops_cross, fedhas_bush_and_centaur_altar,
          hangedman_abyss_or_decor_lesser_grid, uniq_crazy_yiuf_cottage

Skill      XL: |  1  2  3  4  5  6  7 |
---------------+----------------------+-----
Fighting       | 4 5 6 7 |  7.1
Polearms       | 1 2 |  2.6
Long Blades    | |  2.0
Armour         | |  3.0
Shields        | |  3.9

Action                   |  1- 3 |  4- 6 |  7- 9 || total
-------------------------+-------+-------+-------++-------
Melee: Long sword        |    63 |       |       ||    63
       Short sword       |    12 |    86 |       ||    98
       Scythe            |       |    43 |    37 ||    80
Throw: Boomerang         |       |       |     1 ||     1
  Use: Potion            |       |     1 |     4 ||     5
  Eat: Chunk             |       |     6 |     2 ||     8
Armor: Scale mail        |    34 |    51 |    14 ||    99
Dodge: Dodged            |    21 |    38 |    17 ||    76
Block: Shield            |    31 |    50 |       ||    81
       Other             |       |       |     1 ||     1
       Rpst.: Long sword |     5 |       |       ||     5

Table legend:
 A = Non-vault XP
 B = Vault XP
 C = Vault XP percentage of total XP
 D = Non-vault monster count
 E = Vault monster count
 F = Vault count percentage of total count
                 A         B        C        D         E       F
            +---------+---------+-------+---------+---------+-------
      Total |     474 |     295 |  38.4 |      82 |      12 |  12.8
            +---------+---------+-------+---------+---------+-------
        D:1 |      35 |       0 |   0.0 |      22 |       0 |   0.0
        D:2 |      91 |     291 |  76.2 |      29 |      10 |  25.6
        D:3 |      38 |       4 |   9.5 |      14 |       2 |  12.5
        D:4 |     123 |       0 |   0.0 |       7 |       0 |   0.0
        D:5 |     187 |       0 |   0.0 |      10 |       0 |   0.0
            +---------+---------+-------+---------+---------+-------
